 Dungeon Crawl Stone Soup version 0.32-a0-909-gc671339a80 (webtiles) character file.

Game seed: 8779911452367695309

296 Twinkles the Ducker (level 6, -8/44 HPs)
             Began as an Octopode Berserker on Apr 6, 2024.
             Was a Priest of Trog.
             Mangled by an ogre
             ... wielding a +0 giant club
              (22 damage)
             ... on level 5 of the Dungeon.
             The game lasted 00:07:09 (2999 turns).

Twinkles the Ducker (Octopode Berserker)            Turns: 2999, Time: 00:07:10

Health: -8/44      AC:  1    Str: 19    XL:     6   Next: 35%
Magic:  6/6        EV: 13    Int:  9    God:    Trog [***...]
Gold:   303        SH:  0    Dex: 11    Spells: 5/5 levels left

rFire   + .          .
                       - Unarmed
rCold   . . .        (no shield)
rNeg    . . .        (helmet restricted)
rPois   .            b - amulet of the acrobat
rElec   .            d - ring of protection from fire
rCorr   .            (no ring)
SInv    .            (no ring)
Will    .....        (no ring)
Stlth   +++          (no ring)
HPRegen 0.27/turn    (no ring)
MPRegen 0.10/turn    (no ring)
                     (no ring)

%: acrobat
@: no status effects
A: almost no armour, amphibious, 8 rings, camouflage 1, gelatinous body 1,
(nimble swimmer 1), tentacles
a: Renounce Religion, Berserk, Trog's Hand


You were on level 5 of the Dungeon.
You worshipped Trog.
Trog was most pleased with you.
You visited 1 branch of the dungeon, and saw 5 of its levels.

You collected 303 gold pieces.

Inventory:

Missiles
 g - 12 boomerangs (quivered)
 h - 6 poisoned darts
Jewellery
 b - an amulet of the acrobat (around mantle)
 d - a ring of protection from fire (left tentacle)
Scrolls
 a - a scroll of fear {unknown}
 c - a scroll of teleportation {unknown}
 e - a scroll of summoning {unknown}
 f - a scroll of revelation {unknown}
Potions
 i - a potion of haste {unknown}
 j - a potion of brilliance {unknown}
 J - 3 potions of curing
 P - 2 potions of lignification


   Skills:
 + Level 4.4 Fighting
 + Level 4.4 Dodging
 + Level 3.5 Stealth
 + Level 4.3 Unarmed Combat


You had 5 spell levels left.
You didn't know any spells.
Your spell library was empty.

Dungeon Overview and Level Annotations

Branches:
Dungeon (5/15) Zot: 26993
 Temple: D:4-7

Altars:
Xom

Shops:
D:1 =

Annotations:
D:3 exclusions: orc, orc priest and orc wizard


Innate Abilities, Weirdness & Mutations

You cannot wear most types of armour.
You are amphibious.
You can wear up to eight rings at the same time.
Your skin changes colour to match your surroundings (Stealth+).
Your rubbery body absorbs attacks. (AC +1, EV +1)
((You are camouflaged when in or above water. (Stealth+)))
You have tentacles for arms and can constrict up to eight enemies at once.


Message History

j - a white potion You now have 303 gold pieces (gained 13).
An endoplasm comes into view.
The helpless endoplasm fails to defend itself.
You bludgeon the endoplasm!
You kill the endoplasm!
Trog accepts your kill.
No target in view!
You see here a +0 mace.
Things that are here:
a +0 club; a goblin skeleton
There is a stone staircase leading down here.
Partly explored, can't reach some items.
Partly explored, can't reach some items.
There is a stone staircase leading down here.
Unknown command.
You climb downwards.
Found a diamond ring.
There is a stone staircase leading up here.
The helpless ogre fails to defend itself.
You bludgeon the ogre! Your squeeze misses the ogre.
The ogre is moderately wounded.
The ogre closely misses you.
You tentacle-slap the ogre.
The ogre is heavily wounded.
You barely miss the ogre.
The ogre is heavily wounded.
The ogre barely misses you.
You tentacle-slap the ogre but do no damage.
The ogre is heavily wounded.
You tentacle-slap the ogre but do no damage.
You squeeze the ogre.
The ogre is heavily wounded.
The ogre hits you with a +0 giant club!!
Ouch! That really hurt!
You tentacle-slap the ogre. You squeeze the ogre!
The ogre is almost dead.
The ogre hits you with a +0 giant club!!
Ouch! That really hurt!
You die...

.#.#. ....
#...## .....
#######....
........# #
#.###.....#....
#......@=......
####..O........
#...........
#...........
##..........
##...##....
##### ####


You could see an ogre.

Vanquished Creatures
  2 iguanas (D:3)
  Terence (D:2)
  4 gnolls (D:3)
  7 adders
  2 dart slugs
  A ribbon worm (D:4)
  14 orcs
  11 endoplasms
  7 giant cockroaches
  7 goblins
  10 hobgoblins
  5 jackals
  6 kobolds
  10 ball pythons
  2 bats (D:1)
  3 frilled lizards
  7 rats
99 creatures vanquished.

Vanquished Creatures (others)
  A black bear (D:4)
  An orc wizard (D:4)
  An orc (D:4)
  An endoplasm (D:4)
  A goblin (D:4)
  A hobgoblin (D:4)
  A kobold (D:4)
7 creatures vanquished.

Grand Total: 106 creatures vanquished

Notes
Turn   | Place    | Note
-------+----------+-------------------------------------------
     0 | D:1      | Twinkles the Octopode Berserker began the quest for the
                  | Orb.
     0 | D:1      | Reached XP level 1. HP: 16/16 MP: 1/1
    29 | D:1      | Reached XP level 2. HP: 18/21 MP: 2/2
    46 | D:1      | Found Bamecs's Jewellery Emporium.
   458 | D:1      | Reached XP level 3. HP: 24/26 MP: 3/3
   465 | D:1      | Reached ** piety under Trog
   869 | D:2      | Noticed Terence
   877 | D:2      | Killed Terence
   878 | D:2      | Reached skill level 1 in Stealth
   878 | D:2      | Reached XP level 4. HP: 33/33 MP: 4/4
  1368 | D:2      | Found a faded altar of an unknown god.
  1490 | D:3      | Reached XP level 5. HP: 35/37 MP: 5/5
  1973 | D:3      | Reached XP level 6. HP: 43/43 MP: 6/6
  2407 | D:4      | Reached *** piety under Trog
  2492 | D:4      | Found a shimmering altar of Xom.
  2526 | D:4      | Killed a black bear
  2993 | D:5      | Entered Level 5 of the Dungeon
  2999 | D:5      | Mangled by an ogre

Illustrated notes

Levels and vault maps discovered:
D:1:      grunt_arrival_crossed_arrows, layout_basic, serial_shops,
          nicolae_shop_gaudy_bauble, hex_tiny
D:2:      layout_loops_ring, ebering_ecumenical_altar_sacrificial, uniq_terence
D:3:      layout_basic, serial_park_tiny_2
D:4:      layout_rooms, xom_confusion_cloud
D:5:      layout_rooms, kennysheep_little_box, overflow_temple_1_default,
          minmay_temple_entry_grid

Skill      XL: |  1  2  3  4  5 |
---------------+----------------+-----
Stealth        | 1 2 3 |  3.5
Fighting       | 4 |  4.4
Dodging        | 4 |  4.4
Unarmed Combat | 4 |  4.3

Action                     |  1- 3 |  4- 6 || total
---------------------------+-------+-------++-------
  Melee: Unarmed           |    52 |   111 ||   163
         Constrict         |    18 |    38 ||    56
         Tentacles         |    12 |    33 ||    45
         Punch             |     1 |     7 ||     8
  Throw: Boomerang         |       |    11 ||    11
 Invoke: Berserk           |     1 |       ||     1
    Use: Scroll            |       |     2 ||     2
   Stab: Sleeping          |     4 |    12 ||    16
 Armour: Skin              |    29 |    30 ||    59
  Dodge: Dodged            |    35 |    62 ||    97

Table legend: (Time is in decaauts)
 A = Elapsed time spent in this place.
 B = Non-inter-level travel time spent in this place.
 C = Inter-level travel time spent in this place.
 D = Time resting spent in this place.
 E = Time spent auto-exploring this place.
 F = Levels seen in this place.
 G = Mean time per level.
                   A        B        C        D        E       F      G
               +--------+--------+--------+--------+--------+-----+--------+
         Total |   3004 |   2849 |    155 |    121 |   2058 |   5 |  600.8 |
       Dungeon |   3004 |   2849 |    155 |    121 |   2058 |   5 |  600.8 |
               +--------+--------+--------+--------+--------+-----+--------+

Top non-repeatable levels by time:
     D:1: 854 daAuts
     D:3: 822 daAuts
     D:2: 676 daAuts
     D:4: 646 daAuts
     D:5: 5 daAuts
